 Dungeon Crawl Stone Soup version 0.28.0-53-g5a82cb258f (webtiles) character file.

Game seed: 3415924266527458543

1481 bnorton916 the Magician (level 8, -4/41 HPs)
             Began as a Deep Elf Fire Elementalist on July 7, 2022.
             Was an Initiate of Gozag.
             Killed from afar by Edmund (9 damage)
             ... with a puff of flame
             ... on level 6 of the Dungeon.
             The game lasted 00:11:38 (11544 turns).

bnorton916 the Magician (DEFE)                     Turns: 11544, Time: 00:11:39

Health: -4/41      AC:  0    Str:  5    XL:     8   Next: 50%
Magic:  17/20      EV: 12    Int: 23    God:    Gozag
Gold:   200        SH:  0    Dex: 15    Spells: 2/20 levels left

rFire   . . .      SeeInvis .   f - +0 dagger (freeze)
rCold   . . .      Faith    .   (no shield)
rNeg    . . .      Spirit   .   a - +0 robe
rPois   .          Reflect  .   (no helmet)
rElec   .          Harm     .   A - +1 cloak {Stlth+}
rCorr   +          Rampage  .   (no gloves)
Will    +....                   (no boots)
Stlth   +++.......              (no amulet)
HPRegen 0.13/turn               j - ring of resist corrosion
MPRegen 0.17/turn               v - ring of willpower

@: lethally poisoned (-4 -> -7), corroded, gold aura
A: no striking features
a: Renounce Religion, Potion Petition, Call Merchant, Bribe Branch


You were on level 6 of the Dungeon.
You worshipped Gozag.
Gozag was aware of your devotion.
You visited 2 branches of the dungeon, and saw 8 of its levels.
You also visited: Sewer.

You collected 296 gold pieces.
You paid 96 gold pieces to Gozag.

Inventory:

Hand Weapons
 f - a +0 dagger of freezing (weapon)
 n - a +0 short sword of venom
 o - a +0 vampiric short sword
 t - a +0 falchion of holy wrath
Missiles
 b - 186 stones
 s - 3 throwing nets
 x - 6 poisoned darts
Armour
 a - a +0 robe (worn)
 A - a +1 cloak of stealth (worn)
Jewellery
 j - a ring of resist corrosion (left hand)
 v - a ring of willpower (right hand)
Wands
 w - a wand of digging (7)
Scrolls
 d - 3 scrolls of amnesia
 e - a scroll of magic mapping
 h - 4 scrolls of fog
 m - 2 scrolls of teleportation {unknown}
 p - 2 scrolls of immolation
 q - a scroll of torment {unknown}
 y - 2 scrolls of enchant weapon {unknown}
Potions
 c - a potion of brilliance {unknown}
 g - 4 potions of curing
 i - a potion of might {unknown}
 k - a potion of heal wounds {unknown}
 l - 2 potions of magic {unknown}
 r - 3 potions of flight {unknown}
 u - 3 potions of mutation {unknown}
 z - a potion of berserk rage {unknown}


   Skills:
 - Level 2.4 Dodging
 - Level 2.4 Stealth
 - Level 6.7 Spellcasting
 + Level 6.1 Conjurations
 - Level 5.3 Hexes
 - Level 4.4 Summonings
 - Level 6.1 Fire Magic


You had 2 spell levels left.
You knew the following spells:

 Your Spells              Type           Power      Damage    Failure   Level
a - Foxfire               Conj/Fire      100%       2x1d9     1%          1
b - Scorch                Fire           72%        2d9       1%          2
c - Conjure Flame         Conj/Fire      36%        6-21      1%          3
d - Flame Wave            Conj/Fire      36%        2d9       6%          4
e - Fulminant Prism       Conj/Hex       17%        3d11      8%          4
f - Iskenderun's Mystic   Conj/Tloc      21%        2d6       22%         4

Your spell library contained the following spells:

 Spells                   Type           Power      Damage    Failure   Level
 Slow                     Hex            100%       N/A       1%          1
 Confusing Touch          Hex            32%        N/A       2%          3
 Inner Flame              Hex/Fire       34%        N/A       2%          3
 Vampiric Draining        Necr           7%         2d6       24%         3
 Summon Mana Viper        Hex/Summ       30%        N/A       28%         5
 Lee's Rapid Deconstruct  Erth           3%         3d6*      91%         5
 Summon Hydra             Summ           14%        N/A       100%        7


Dungeon Overview and Level Annotations

Branches:
Dungeon (7/15)             Temple (1/1) D:7           Sewer (visited)

Altars:
Ashenzari
Cheibriados
Dithmenos
Elyvilon
Fedhas
Gozag
Hepliaklqana
Kikubaaqudgha
Makhleb
Nemelex Xobeh
Okawaru
Qazlal
Ru
Sif Muna
Trog
Uskayaw
Wu Jian
Xom
Yredelemnul
Zin
The Shining One

Shops:
D:3 *

Annotations:
D:6 Edmund


Message History

Confirm with . or Enter, or press ? or * to list all spells.
Flames lash the scorpion.
The scorpion is severely wounded.
The scorpion's fire resistance burns away.
The orc shouts!
The scorpion barely misses you.
The scorpion stings you but does no damage.
The scorpion closely misses you.
Edmund zaps a wand.
The puff of flame misses you.
The scorpion is no longer more vulnerable to fire.
Edmund says, "A flail is better than a scythe, any day of the week!"
The scorpion barely misses you.
Edmund zaps a wand.
The puff of flame hits you!
An ice beast comes into view.
Edmund says, "A flail is better than a scythe, any day of the week!"
The scorpion barely misses you. The scorpion barely misses you.
You open the door.
An acid dragon comes into view.
The scorpion stings you.
You are poisoned.
The scorpion poisons you!
Found an escape hatch in the ceiling.
Found a sapphire potion.
You feel sick.
There is an open door here.
You feel sick.
The acid dragon roars!
The acid dragon spits acid at you. The splash of acid misses you.
The splash of acid hits the scorpion!!
The acid corrodes the scorpion!
The scorpion dies!
Your Conjurations skill increases to level 6!
You feel sick. The acid dragon spits acid at you. The splash of acid hits you!
You resist.
* * * LOW HITPOINT WARNING * * *
The acid corrodes you!
You feel sick.
Edmund zaps a wand.
The puff of flame hits you!
You die...
Your body crumbles into a pile of gold.

..................,,,,,,,* *,*
..................,,,,,,,* *,*
............#####,,,,,,,,* *,*
..........ooY.o.#********* *,*
##.........o###Y# *,*
....###########@########** *,*
..#.# ***** #...........,* *,*
..#>###,,,* #...........,* *,*
##....#,,,**#...@....!..,* *,*
#....#,,......<..######****,**
#....#*......D...+,,,,,,,,,,,*
#....#*..........#************
#....#*..........#
#....#*..........#
#....#*..........#
#....#**########## **,,,,*


You could see Edmund, an acid dragon (catching breath), an ice beast and an orc.

Vanquished Creatures
  2 necrophages
  4 ogres
  2 phantoms (D:5)
  2 bullfrogs (Sewer)
  A water moccasin zombie (D:5)
  A bullfrog zombie (D:5)
  A gnoll shaman (D:5)
  2 orc priests
  Crazy Yiuf (D:5)
  2 iguanas (D:5)
  2 orc wizards
  A hound skeleton (D:4)
  A howler monkey skeleton (D:7)
  8 gnolls
  13 adders
  2 adder skeletons
  4 worms
  2 dart slugs
  13 orcs
  17 ball pythons
  9 endoplasms
  6 giant cockroaches
  7 goblins
  6 hobgoblins
  2 jackals (D:1)
  2 kobolds
  9 quokkas
  7 bats
  12 frilled lizards
  A rat (D:1)
142 creatures vanquished.

Vanquished Creatures (collateral kills)
  13 foxfires (D:3)
13 creatures vanquished.

Vanquished Creatures (others)
  A scorpion (D:6)
  595 foxfires
596 creatures vanquished.

Grand Total: 751 creatures vanquished

Notes
Turn   | Place    | Note
-------+----------+-------------------------------------------
     0 | D:1      | bnorton916 the Deep Elf Fire Elementalist began the quest
                  | for the Orb.
     0 | D:1      | Reached XP level 1. HP: 10/10 MP: 6/6
   304 | D:1      | Reached XP level 2. HP: 15/15 MP: 2/8
  1480 | D:2      | Got Zuc Avy's Guide on Captivating Creation
  1530 | D:2      | Reached XP level 3. HP: 19/19 MP: 7/10
  2101 | D:3      | Found a faded altar of an unknown god.
  2123 | D:3      | Learned a level 2 spell: Scorch
  2127 | D:3      | Learned a level 3 spell: Conjure Flame
  2419 | D:3      | Reached XP level 4. HP: 24/24 MP: 7/12
  2853 | D:3      | Reached skill level 1 in Summonings
  3019 | D:3      | Reached skill level 1 in Hexes
  3726 | D:3      | Found Kaasiux's Assorted Antiques.
  4069 | D:4      | Noticed an ogre
  4076 | D:4      | Killed an ogre
  4077 | D:4      | Reached XP level 5. HP: 28/28 MP: 4/13
  4197 | D:4      | Found a glowing drain.
  4197 | D:4      | Noticed a necrophage
  4204 | D:4      | Killed a necrophage
  4205 | D:4      | Reached XP level 6. HP: 32/32 MP: 8/15
  4292 | Sewer    | Entered a sewer
  4969 | Sewer    | Reached skill level 5 in Spellcasting
  5637 | Sewer    | Learned a level 4 spell: Flame Wave
  6277 | Sewer    | Reached skill level 5 in Fire Magic
  6282 | Sewer    | Reached XP level 7. HP: 9/36 MP: 10/17
  7566 | D:5      | Entered Level 5 of the Dungeon
  8637 | D:5      | Reached XP level 8. HP: 41/41 MP: 13/19
  9132 | D:5      | Reached skill level 5 in Hexes
  9189 | D:5      | Reached skill level 5 in Conjurations
  9831 | D:5      | Found a runed translucent door.
  9832 | D:5      | Noticed Crazy Yiuf
 10152 | D:5      | Killed Crazy Yiuf
 10837 | D:6      | Learned a level 4 spell: Fulminant Prism
 10842 | D:6      | Learned a level 4 spell: Iskenderun's Mystic Blast
 11080 | D:7      | Found a staircase to the Ecumenical Temple.
 11094 | Temple   | Entered the Ecumenical Temple
 11356 | Temple   | Became a worshipper of Gozag Ym Sagoz the Greedy
 11515 | D:6      | Noticed Edmund
 11544 | D:6      | Killed from afar by Edmund

Illustrated notes

Levels and vault maps discovered:
D:1:      lemuel_arrival_room, layout_loops_ring
D:2:      layout_basic, minmay_pentomino_s2
D:3:      layout_basic, shapermc_ecumenical_altar_ellora, serial_shops,
          shop_fountains
D:4:      layout_basic, cheibrodos_sewer_entry_sluice
D:5:      layout_gridville, chequers_serial_rivers_micro_d,
          uniq_crazy_yiuf_cottage
D:6:      layout_basic, uniq_edmund
D:7:      layout_rooms, minmay_temple_entry_grid
Temple:   regret_index_temple_sigil_plot

Skill      XL: |  1  2  3  4  5  6  7  8 |
---------------+-------------------------+-----
Conjurations   | 2 3 4 6 |  6.1
Fire Magic     | 4 5 6 |  6.1
Spellcasting   | 4 5 6 |  6.7
Summonings     | 2 4 |  4.4
Hexes          | 2 3 4 5 |  5.3
Dodging        | |  2.4
Stealth        | |  2.4

Action                   |  1- 3 |  4- 6 |  7- 9 || total
-------------------------+-------+-------+-------++-------
Melee: Dagger            |     1 |     1 |       ||     2
 Cast: Foxfire           |   132 |    99 |   121 ||   352
       Scorch            |     1 |    17 |    20 ||    38
       Conjure Flame     |       |     2 |     2 ||     4
  Use: Scroll            |       |       |     6 ||     6
Armor: Robe              |     6 |     9 |     4 ||    19
Dodge: Dodged            |     6 |    36 |    42 ||    84
